 Dungeon Crawl Stone Soup version 0.29.1-1-gd02db6906a (webtiles) character file.

Game seed: 6656034870562864668

264 xian the Shooter (level 5, -4/42 HPs)
             Began as a Palentonga Hunter on Sept 16, 2022.
             Was an Initiate of Fedhas.
             Slain by a gnoll
             ... wielding a +0 whip
             ... led by a gnoll bouda
              (5 damage)
             ... on level 6 of the Dungeon.
             The game lasted 00:07:11 (3311 turns).

xian the Shooter (Palentonga Hunter)                Turns: 3311, Time: 00:07:11

Health: -4/42      AC:  5    Str: 18    XL:     5   Next: 98%
Magic:  5/5        EV: 14    Int:  9    God:    Fedhas [......]
Gold:   236        SH:  0    Dex: 14    Spells: 4/4 levels left

rFire   . . .      SeeInvis +   s - +4 whip (drain)
rCold   . . .      Faith    .   (no shield)
rNeg    . . .      Spirit   .   c - +0 leather armour
rPois   .          Reflect  .   (no helmet)
rElec   .          Harm     .   (no cloak)
rCorr   .          Rampage  .   n - +0 pair of gloves
Will    .....                   (no barding)
Stlth   +.........              (no amulet)
HPRegen 0.14/turn               u - +4 ring of evasion
MPRegen 0.09/turn               (no ring)

@: weakened
A: large, rugged brown scales 3, see invisible, deformed body, roll 1, armoured
tail
a: Rolling Charge, Renounce Religion


You were on level 6 of the Dungeon.
You worshipped Fedhas.
Fedhas was noncommittal.
You visited 1 branch of the dungeon, and saw 5 of its levels.

You collected 236 gold pieces.

Inventory:

Hand Weapons
 a - a +0 shortbow
 s - a +4 whip of draining (weapon)
Armour
 c - a +0 leather armour (worn)
 n - a +0 pair of gloves (worn)
 p - an orb of wrath
Jewellery
 u - a +4 ring of evasion (left hand)
Wands
 v - a wand of mindburst (12)
Scrolls
 b - 2 scrolls of immolation
 g - a scroll of brand weapon {unknown}
 h - a scroll of enchant armour {unknown}
 i - a scroll of noise {unknown}
 j - a scroll of enchant weapon {unknown}
 k - 2 scrolls of identify {unknown}
 m - a scroll of blinking {unknown}
 o - a scroll of summoning {unknown}
 q - 2 scrolls of magic mapping {unknown}
 x - a scroll of butterflies {unknown}
Potions
 d - a potion of curing {unknown}
 e - a potion of resistance {unknown}
 f - 2 potions of attraction {unknown}
 l - a potion of heal wounds {unknown}
 r - 3 potions of berserk rage {unknown}
 t - a potion of invisibility {unknown}
 w - a potion of brilliance {unknown}


   Skills:
 + Level 2.8 Fighting
 + Level 0.2 Maces & Flails
 + Level 5.3 Ranged Weapons
 + Level 1.3 Armour
 + Level 1.9 Dodging
 + Level 0.5 Stealth


You had 4 spell levels left.
You didn't know any spells.
Your spell library was empty.

Dungeon Overview and Level Annotations

Branches:
Dungeon (6/15)
 Temple: D:4-7

Altars:
Fedhas


Innate Abilities, Weirdness & Mutations

You are completely covered in rugged brown scales. (AC +3, +7% HP)
You have supernaturally acute eyesight. (SInv)
Armour fits poorly on your strangely shaped body.
You can roll at nearby foes to attack.
You have a long armoured tail.


Message History

The gnoll bouda gazes fiercely through you!
You feel your attacks grow feeble. The gnoll bouda barely misses you.
The gnoll barely misses you. The gnoll attacks as you move away!
The gnoll hits you with a +0 flail. The gnoll misses you.
The gnoll bouda gazes fiercely through you!
You feel as though you will be weak longer.
The gnoll bouda closely misses you.
The gnoll hits you with a +0 flail. x2; The gnoll misses you.
The gnoll attacks as you move away! The gnoll barely misses you.
The gnoll hits you from afar with a +0 spear.
* * * LOW HITPOINT WARNING * * *
The gnoll bouda gazes fiercely through you!
You feel as though you will be weak longer.
The gnoll attacks as you move away! The gnoll closely misses you.
The gnoll attacks as you move away!
The gnoll hits you but does no damage. x3
The gnoll attacks as you move away! The gnoll completely misses you.
The gnoll attacks as you move away! The gnoll hits you with a +0 flail.
* * * LOW HITPOINT WARNING * * *
The gnoll barely misses you.
There is a stone staircase leading down here.
The gnoll hits you but does no damage. x2
The gnoll hits you from afar with a +0 spear.
* * * LOW HITPOINT WARNING * * *
You climb downwards.
There is a stone staircase leading up here.
You sense an unholy aura.
s - a +4 whip of draining (weapon)
The gnoll closely misses you. The gnoll misses you.
You completely miss the gnoll.
You tail-slap the gnoll, but do no damage.
The gnoll is no longer moving quickly.
The gnoll closely misses you. The gnoll hits you with a +0 flail!
* * * LOW HITPOINT WARNING * * *
You hit the gnoll.
Your tail-slap misses the gnoll.
The gnoll is heavily wounded.
The gnoll hits you with a +0 whip.
You die...
Fedhas appreciates your contribution to the ecosystem.

...# ...##
....# ....##
###### ##
.....#
####....###.##
.....#
.............##
.....#
..............#
....##
......g........
....#
.......@.......
....#
......g........
...##
........s......
...#
..............#
....#
.............##
###.#
...........###
## #.......####
#########


You could see a scorpion and 2 gnolls.

Vanquished Creatures
  A phantom (D:5)
  A bullfrog (D:6)
  Ijyb (D:3)
  An orc wizard (D:3)
  A gnoll (D:1)
  3 orcs (D:3)
  5 ball pythons
  4 endoplasms
  10 goblins
  8 hobgoblins
  6 jackals
  6 kobolds
  4 quokkas
  8 bats
  8 rats
67 creatures vanquished.

Notes
Turn   | Place    | Note
-------+----------+-------------------------------------------
     0 | D:1      | xian the Palentonga Hunter began the quest for the Orb.
     0 | D:1      | Reached XP level 1. HP: 17/17 MP: 1/1
   495 | D:1      | Reached XP level 2. HP: 23/23 MP: 2/2
   565 | D:1      | Found a faded altar of an unknown god.
   729 | D:1      | Reached XP level 3. HP: 28/28 MP: 3/3
   750 | D:1      | Reached skill level 4 in Ranged Weapons
  1973 | D:3      | Reached XP level 4. HP: 18/35 MP: 4/4
  2422 | D:3      | Reached skill level 1 in Armour
  2504 | D:3      | Noticed Ijyb
  2521 | D:3      | Killed Ijyb
  3114 | D:3      | Found a blossoming altar of Fedhas.
  3126 | D:3      | Noticed an oklob plant
  3138 | D:3      | Became a worshipper of Fedhas Madash
  3140 | D:3      | You fall into a shaft and drop 3 floors!
  3163 | D:6      | Noticed a bullfrog
  3173 | D:6      | Killed a bullfrog
  3174 | D:6      | Reached skill level 5 in Ranged Weapons
  3174 | D:6      | Reached XP level 5. HP: 28/41 MP: 5/5
  3180 | D:5      | Entered Level 5 of the Dungeon
  3184 | D:5      | Noticed a phantom
  3198 | D:5      | Killed a phantom
  3310 | D:6      | HP: 1/42 [gnoll/+0 flail[a gnoll bouda] (7)]
  3311 | D:6      | Slain by a gnoll

Illustrated notes

Levels and vault maps discovered:
D:1:      dpeg_arrival_shrine, layout_rooms, ebering_ecumenical_altar_box,
          minmay_tromino_mix6
D:2:      layout_rooms, chequers_serial_rivers_small_b, patterned_corridor
D:3:      layout_basic, tgw_fedhas, uniq_ijyb
D:5:      layout_cave_pools, general_overflow_altar,
          nicolae_ru_sacrificial_ziggurat, uniq_grinder
D:6:      layout_cave_pods, minmay_temple_entry_drinking_statues,
          nicolae_kite_square_tiling_tiny

Skill      XL: |  1  2  3  4 |
---------------+-------------+-----
Ranged Weapons | 4 5 |  5.3
Armour         | 1 |  1.3
Fighting       | |  2.8
Maces & Flails | |  0.2
Dodging        | |  1.9
Stealth        | |  0.5

Action                   |  1- 3 |  4- 6 || total
-------------------------+-------+-------++-------
Melee: Dagger            |       |    33 ||    33
       Whip              |       |    18 ||    18
       Tailslap          |       |     7 ||     7
 Fire: Shortbow          |   155 |    80 ||   235
 Abil: Rolling Charge    |       |     1 ||     1
Armor: Leather armour    |    51 |    62 ||   113
Dodge: Dodged            |    60 |    78 ||   138
